 Dungeon Crawl Stone Soup version 0.30.1-3-gfc49f6343a (webtiles) character file.

Game seed: 1941215874658240910

577 Getoffmy the Conjurer (level 7, -2/41 HPs)
             Began as an Octopode Conjurer on July 30, 2023.
             Slain by a phantom (6 damage)
             ... on level 4 of the Dungeon.
             The game lasted 00:08:07 (3265 turns).

Getoffmy the Conjurer (Octopode Conjurer)           Turns: 3265, Time: 00:08:07

Health: -2/41      AC:  1    Str:  6    XL:     7   Next: 35%
Magic:  5/15       EV: 13    Int: 22    God:
Gold:   200        SH:  0    Dex: 11    Spells: 3/17 levels left

rFire   . . .        v - +3 dagger
rCold   . . .        (no shield)
rNeg    . . .        (helmet restricted)
rPois   .            (no amulet)
rElec   .            (no ring)
rCorr   .            (no ring)
SInv    .            (no ring)
Will    .....        (no ring)
Stlth   +++          (no ring)
HPRegen 0.26/turn    (no ring)
MPRegen 0.14/turn    (no ring)
                     (no ring)

%: no passive effects
@: lethally poisoned (-2 -> -3)
A: almost no armour, amphibious, 8 rings, camouflage 1, gelatinous body 1,
(nimble swimmer 1), tentacles
a: no special abilities


You were on level 4 of the Dungeon.
You visited 1 branch of the dungeon, and saw 4 of its levels.

You collected 200 gold pieces.

Inventory:

Hand Weapons
 g - a +1 dagger of venom
 r - the +0 whip "Efucisk" {protect, Dex+3}
   (You found it on level 3 of the Dungeon)

   Dex:       It affects your dexterity (+3).
 v - a +3 dagger (weapon)
Missiles
 c - 5 poisoned darts
 i - 2 javelins
Wands
 s - a wand of mindburst (11)
Scrolls
 b - a scroll of brand weapon
 h - a scroll of identify
Potions
 a - a potion of magic
 d - 2 potions of degeneration
 e - 2 potions of brilliance
 f - a potion of attraction {unknown}
 j - a potion of lignification {unknown}
 q - a potion of mutation {unknown}
 t - a potion of curing {unknown}
 w - a potion of might {unknown}


   Skills:
 - Level 2.0 Dodging
 + Level 4.0 Stealth
 + Level 5.5 Spellcasting
 * Level 6.2 Conjurations


You had 3 spell levels left.
You knew the following spells:

 Your Spells              Type           Power      Damage    Failure   Level
a - Magic Dart            Conj           100%       1d8       1%          1
b - Searing Ray           Conj           66%        2d6       1%          2
c - Dazzling Flash        Conj/Hex       38%        N/A       9%          3
d - Fulminant Prism       Conj/Hex       9%         3d7       26%         4
e - Iskenderun's Mystic   Conj/Tloc      19%        2d6       26%         4

Your spell library contained the following spells:

 Spells                   Type           Power      Damage    Failure   Level
 Summon Guardian Golem    Hex/Summ       6%         N/A       28%         3
 Orb of Destruction       Conj           16%        9d7       100%        7
 Spellforged Servitor     Conj/Summ      9%         N/A       100%        7


Dungeon Overview and Level Annotations

Branches:
Dungeon (4/15)
 Temple: D:4-7

Altars:
Fedhas
Kikubaaqudgha
Okawaru
Zin

Shops:
D:2 =   D:3 (


Innate Abilities, Weirdness & Mutations

You cannot wear most types of armour.
You are amphibious.
You can wear up to eight rings at the same time.
Your skin changes colour to match your surroundings (Stealth+).
Your rubbery body absorbs attacks. (AC +1, EV +1)
((You are camouflaged when in or above water. (Stealth+)))
You have tentacles for arms and can constrict up to eight enemies at once.


Message History

Your orc dissolves into shadows!
The phantom hits your orc priest! The hound bites you.
Your orc priest hits the phantom with a +0 hand axe.
Casting: Magic Dart (safe; 1% risk of failure)
Confirm with . or Enter, or press ? or * to list all spells.
Aiming: Magic Dart (safe; 1% risk of failure)
Press: ? - help, Shift-Dir - straight line, f - hound
Aim: a hound (grey smoke, 100% to hit)
The magic dart hits the hound.
The hound is lightly wounded.
You feel sick. The hound barely misses you. The phantom hits your orc priest.
Your orc priest dies!
Your orc priest's corpse dissolves into shadows!
The hound bites you.
* * * LOW HITPOINT WARNING * * *
Casting: Magic Dart (safe; 1% risk of failure)
Confirm with . or Enter, or press ? or * to list all spells.
Aiming: Magic Dart (safe; 1% risk of failure)
Press: ? - help, Shift-Dir - straight line, f/p - hound
Aim: a hound (lightly wounded, 100% to hit)
The magic dart hits the hound.
The hound is heavily wounded.
You feel sick. The hound barely misses you.
Unknown command.
Casting: Magic Dart (safe; 1% risk of failure)
Confirm with . or Enter, or press ? or * to list all spells.
Aiming: Searing Ray (safe; 1% risk of failure)
Press: ? - help, Shift-Dir - straight line, f/p - hound
Aim: a hound (heavily wounded, 73% to hit)
The searing ray hits the hound!
You kill the hound! (Press . to maintain the ray.)
You feel sick. The phantom hits you.
* * * LOW HITPOINT WARNING * * *
The phantom blinks!
You blink.
Your Stealth skill increases to level 4!
You feel sick. The phantom misses you.
Unknown command.
The phantom attacks as you move away! The phantom hits you.
You die...

####.##.#.#
#.........#
#..§...<..# #
......)†......#.#
#####..........(..#
..........####.†.#
#........# #>$....
#.#..#.#+#<#
#...###.
#....@W..#.# #.....
######.#.....
...... .# ...
......# ## .
##.....


You could see a phantom.

Vanquished Creatures
  Grinder (D:3)
  Eustachio (D:4)
  3 hounds
  9 adders
  3 dart slugs
  6 ball pythons
  2 bats
  7 endoplasms
  2 giant cockroaches
  5 goblins
  6 hobgoblins
  A jackal (D:3)
  2 quokkas
  3 frilled lizards
  7 kobolds
  3 rats
61 creatures vanquished.

Notes
Turn   | Place    | Note
-------+----------+-------------------------------------------
     0 | D:1      | Getoffmy the Octopode Conjurer began the quest for the Orb.
     0 | D:1      | Reached XP level 1. HP: 11/11 MP: 3/3
   212 | D:1      | Reached XP level 2. HP: 17/17 MP: 3/5
   524 | D:1      | Learned a level 2 spell: Searing Ray
   871 | D:2      | Reached XP level 3. HP: 21/21 MP: 1/7
  1114 | D:2      | Reached XP level 4. HP: 27/27 MP: 6/9
  1483 | D:2      | Found Ynide Xih's Jewellery Shop.
  1873 | D:3      | Identified the +0 whip "Efucisk" {protect, Dex+3}
  1957 | D:3      | Reached XP level 5. HP: 31/31 MP: 7/11
  2129 | D:3      | Noticed Grinder
  2142 | D:3      | Killed Grinder
  2143 | D:3      | Reached skill level 5 in Spellcasting
  2143 | D:3      | Reached skill level 5 in Conjurations
  2143 | D:3      | Reached XP level 6. HP: 13/36 MP: 3/13
  2235 | D:3      | Learned a level 3 spell: Dazzling Flash
  2240 | D:3      | Learned a level 4 spell: Fulminant Prism
  2245 | D:3      | Learned a level 4 spell: Iskenderun's Mystic Blast
  2485 | D:3      | Found an ancient bone altar of Kikubaaqudgha.
  2485 | D:3      | Found a blossoming altar of Fedhas.
  2493 | D:3      | Found a glowing silver altar of Zin.
  2495 | D:3      | Found a faded altar of an unknown god.
  2497 | D:3      | Found an iron altar of Okawaru.
  2631 | D:3      | Found Xeler's Antique Weapon Boutique.
  3244 | D:4      | Noticed Eustachio
  3259 | D:4      | Killed Eustachio
  3260 | D:4      | Reached skill level 6 in Conjurations
  3260 | D:4      | Reached XP level 7. HP: 22/41 MP: 9/15
  3265 | D:4      | Slain by a phantom

Illustrated notes

Levels and vault maps discovered:
D:1:      minmay_arrival_split_and_join, layout_rooms,
          minmay_misc_feat_more_columns, grunt_decor_arrowhead,
          minmay_pentomino_q2
D:2:      layout_basic, serial_shops, shop
D:3:      layout_basic, chequers_temple_overflow_minitemple, serial_shops, shop,
          st_stairs_12, minmay_box_of_dots, uniq_grinder
D:4:      layout_basic, serial_shops, shop, uniq_eustachio, uniq_duvessa

Skill      XL: |  1  2  3  4  5  6  7 |
---------------+----------------------+-----
Spellcasting   | 3 4 5 |  5.5
Conjurations   | 5 6 |  6.2
Stealth        | 3 4 |  4.0
Dodging        | |  2.0

Action                     |  1- 3 |  4- 6 |  7- 9 || total
---------------------------+-------+-------+-------++-------
  Melee: Dagger            |     9 |    10 |       ||    19
         Tentacles         |     2 |       |       ||     2
         Constrict         |     1 |       |       ||     1
   Cast: Magic Dart        |    37 |    57 |     3 ||    97
         Searing Ray       |     1 |     3 |     1 ||     5
    Use: Scroll            |       |    12 |       ||    12
   Stab: Sleeping          |       |     3 |       ||     3
 Armour: Skin              |     1 |       |       ||     1
  Dodge: Dodged            |    10 |    15 |     3 ||    28
